 Dungeon Crawl Stone Soup version 0.19.0-9-gfd783f2 (webtiles) character file.

786 Khazard the Cudgeler (level 7, 50/50 HPs)
             Began as a High Elf Gladiator on Nov 7, 2016.
             Quit the game in the Ecumenical Temple.
             The game lasted 00:06:31 (5045 turns).

Khazard the Cudgeler (High Elf Gladiator)           Turns: 5045, Time: 00:06:32

Health: 50/50      AC:  9    Str: 15    XL:     7   Next: 56%
Magic:  8/8        EV: 12    Int: 13    God:
Gold:   179        SH:  0    Dex: 16    Spells: 0 memorised, 6 levels left

rFire  . . .     SeeInvis +     a - +1 whip (distort)
rCold  . . .     Gourm    .     j - +1 scale mail
rNeg   . . .     Faith    .     (no shield)
rPois  +         Spirit   .     (helmet restricted)
rElec  .         Reflect  .     n - +0 cloak
rCorr  .         Harm     .     (no gloves)
MR     .....                    (no boots)
Stlth  ..........               (no amulet)
                                (no ring)
                                e - ring of poison resistance

@: no status effects
A: beak, see invisible, robust 1, shaggy fur 1, wild magic 1
a: no special abilities


You were in the Ecumenical Temple.
You were not hungry.

You visited 2 branches of the dungeon, and saw 7 of its levels.
You also visited: Sewer.

You collected 431 gold pieces.
You spent 252 gold pieces at shops.

Inventory:

Hand Weapons
 a - a +1 whip of distortion (weapon)
 g - a +0 quarterstaff
Missiles
 d - 2 throwing nets (quivered)
Armour
 b - a +0 leather armour
 c - a +0 helmet
 j - a +1 scale mail (worn)
 n - a +0 cloak (worn)
Jewellery
 e - a ring of poison resistance (left hand)
 p - an uncursed ring of ice
 x - an uncursed ring of ice
 B - an uncursed ring of protection from fire {unknown}
Scrolls
 h - a scroll of recharging
 i - 7 scrolls of identify
 l - 2 scrolls of amnesia
 u - a scroll of enchant weapon {unknown}
 w - 3 scrolls of teleportation
 y - a scroll of enchant armour
Potions
 f - 5 potions of curing {unknown}
 k - a potion of haste {unknown}
 m - 2 potions of lignification {unknown}
 o - a potion of magic
 q - 5 potions of brilliance
 r - 2 potions of flight
 t - 2 potions of heal wounds {unknown}
 z - a potion of berserk rage {unknown}
 A - a potion of degeneration {unknown}
 C - a potion of cancellation {unknown}
Comestibles
 s - 2 bread rations
 v - 3 meat rations


   Skills:
 - Level 3.2 Fighting
 * Level 5.3(5.8) Maces & Flails
 - Level 3.7(5.6) Staves
 - Level 2.0 Throwing
 + Level 2.0 Armour
 + Level 4.6 Dodging


You had 6 spell levels left.
You didn't know any spells.

Dungeon Overview and Level Annotations

Branches:
Dungeon (6/15)             Temple (1/1) D:6

Altars:
Ashenzari
Cheibriados
Dithmenos
Elyvilon
Fedhas
Gozag
Kikubaaqudgha
Makhleb
Nemelex Xobeh
Okawaru
Qazlal
Ru
Sif Muna
Trog
Uskayaw
Vehumet
Xom
Yredelemnul
Zin
The Shining One
Beogh

Shops:
D:4 =*=%

Annotations:
D:3 CrazyArbalest's ghost, amateur MiHu
D:4 Edmund


Innate Abilities, Weirdness & Mutations

You have a beak for a mouth.
You have supernaturally acute eyesight. (SInv)
You are robust. (+10% HP)
You are covered in fur. (AC +1)
Your spells are a little harder to cast, but a little more powerful.


Message History

You open the door.
Found three altars.
Found a radiant altar of Vehumet.
There is an open door here.
Found a sacrificial altar of Ru.
There is an open door here.
You open the door.
Found a burning altar of Makhleb and a shimmering altar of Xom.
There is an open door here.
Found an iron altar of Okawaru.
Found a blossoming altar of Fedhas.
There is an open door here.
There is an open door here.
Done exploring.
Done exploring.
There is an open door here.
There is an open door here.
There is an open door here.
There is a staircase back to the Dungeon here.
Are you sure you want to abandon this character and quit the game? (Confirm with "yes".)

#.....### ###.....# ...._...##
##..._.... .........# #.........
_..⌠.._..# #.._..⌠.._ .........#
####### #......... .._.....##
###.....### ##....._.. #.....###
##.........## ###.....# #######
#...........# ####### #
#.....@.....# # ### #...........#
### ..#### ##.........## ####..
.....#########.....#########.....
###........#####'#####........###
######........#........######
######.......###### #########


There were no monsters in sight!

Vanquished Creatures
  Blork the orc (D:5)
  A wyvern skeleton (D:6)
  A crimson imp (D:6)
  3 orc priests
  A hound (D:4)
  2 bullfrog skeletons
  4 orc wizards
  2 worker ants (D:4)
  Terence (D:2)
  A gnoll (D:1)
  3 adders
  3 oozes (Sewer)
  6 worms
  3 dart slugs
  5 leopard geckos
  18 orcs
  7 ball pythons
  8 giant cockroaches
  6 goblins
  13 hobgoblins
  5 jackals
  7 kobolds
  A quokka (D:6)
  8 bats
  5 frilled lizards
  A leopard gecko skeleton (D:5)
  6 rats
122 creatures vanquished.

Vanquished Creatures (others)
  A centaur (D:5)
  An orc priest (D:4)
  An adder (D:4)
  A worm (D:4)
  2 orcs (D:4)
  A bat (D:2)
7 creatures vanquished.

Grand Total: 129 creatures vanquished

Notes
Turn   | Place    | Note
-------+----------+-------------------------------------------
     0 | D:1      | Khazard the High Elf Gladiator began the quest for the Orb.
     0 | D:1      | Reached XP level 1. HP: 14/14 MP: 2/2
   107 | D:1      | Reached XP level 2. HP: 19/19 MP: 3/3
   511 | D:1      | Reached skill level 1 in Maces & Flails
   540 | D:1      | Reached XP level 3. HP: 21/24 MP: 4/4
   813 | D:2      | Found a sacrificial altar of Ru.
   813 | D:2      | Noticed Terence
   824 | D:2      | Killed Terence
   829 | D:2      | HP: 1/25 [worm (9)]
  1112 | D:2      | Reached XP level 4. HP: 25/30 MP: 5/5
  1595 | D:3      | Reached skill level 2 in Maces & Flails
  1641 | D:3      | Reached XP level 5. HP: 35/36 MP: 6/6
  1852 | D:3      | Noticed CrazyArbalest's ghost (amateur MiHu)
  1861 | D:3      | Gained mutation: You have a beak for a mouth. [potion of mutation]
  1861 | D:3      | Gained mutation: You have supernaturally acute eyesight. (SInv) [potion of mutation]
  1861 | D:3      | Gained mutation: Your spells are a little harder to cast, but a little more powerful. [potion of mutation]
  1862 | D:3      | Gained mutation: You are covered in fur. (AC +1) [potion of mutation]
  1862 | D:3      | Gained mutation: You are robust. (+10% HP) [potion of mutation]
  2331 | D:4      | Found a glowing drain.
  2335 | Sewer    | Entered a sewer
  2672 | Sewer    | Reached skill level 3 in Maces & Flails
  2735 | D:4      | Found Qacutafu's Assorted Antiques.
  2747 | D:4      | Reached XP level 6. HP: 23/46 MP: 5/7
  2761 | D:4      | Bought a scroll labeled RINYORRE JEMA for 26 gold pieces
  2761 | D:4      | Bought a scroll labeled LEANUITT DUIVO for 26 gold pieces
  2838 | D:4      | Found Tilaihau's Jewellery Boutique.
  2842 | D:4      | Bought an uncursed ring of poison resistance for 200 gold pieces
  2850 | D:4      | Noticed Edmund
  2878 | D:4      | Reached skill level 1 in Armour
  3193 | D:4      | Found Bomn's Food Emporium.
  3302 | D:4      | Found Guaxzigh's Jewellery Boutique.
  3461 | D:4      | Found a basalt altar of Yredelemnul.
  3537 | D:4      | Found a roughly hewn altar of Beogh.
  3540 | D:4      | Reached skill level 4 in Maces & Flails
  3669 | D:5      | Entered Level 5 of the Dungeon
  3718 | D:5      | Reached XP level 7. HP: 48/50 MP: 8/8
  4021 | D:5      | Noticed Blork the orc
  4035 | D:5      | Killed Blork the orc
  4294 | D:5      | Reached skill level 5 in Maces & Flails
  4597 | D:6      | Found a sparkling altar of Nemelex Xobeh.
  4792 | D:6      | Found a staircase to the Ecumenical Temple.
  4806 | Temple   | Entered the Ecumenical Temple
  5045 | Temple   | Quit the game

Skill      XL: |  1  2  3  4  5  6  7 |
---------------+----------------------+-----
Maces & Flails | 1 2 3 4 5 |  5.3
Fighting       | 3 |  3.2
Dodging        | 4 |  4.6
Armour         | 1 2 |  2.0
Staves         | |  3.7
Throwing       | |  2.0

Action                   |  1- 3 |  4- 6 |  7- 9 || total
-------------------------+-------+-------+-------++-------
Melee: Quarterstaff      |    10 |       |       ||    10
       Whip              |    68 |   264 |    42 ||   374
       Peck              |       |    30 |     8 ||    38
Throw: Throwing net      |     2 |       |       ||     2
  Use: Potion            |       |     6 |     1 ||     7
       Scroll            |       |     8 |       ||     8
 Stab: Sleeping          |     1 |     1 |       ||     2
  Eat: Bread ration      |     1 |       |     1 ||     2
       Chunk             |       |     3 |       ||     3
       Beef jerky        |       |     1 |       ||     1
Armor: Leather armour    |    15 |    12 |       ||    27
       Scale mail        |       |    91 |    17 ||   108
Dodge: Dodged            |    49 |   159 |    18 ||   226
